Condors vs Icehogs
Created - January 8, 2025 at 19:20
Goals
|
| Condors |
1 |
0 |
0 |
1 |
| Icehogs |
0 |
2 |
1 |
3 |
|
Shots
|
| Condors |
11 |
17 |
5 |
33 |
| Icehogs |
5 |
17 |
13 |
35 |
|
1st period
1. Condors , Cody Glass 8 (Taro Hirose 8, Connor Hurley 4) at 12:49
Penalties :
Patrick Sieloff (Roc) for Cross-checking (Minor) at 13:43
2nd period
2. Icehogs , Patrick Sieloff 6 (Andrew Poturalski 20, Julius Honka 17) at 13:11
3. Icehogs , Hudson Fasching 21 (Mikhail Grigorenko 22) at 17:07
Penalties :
Ross Johnston (Roc) for Cross-checking (Minor) at 1:38, Nikita Scherbak (Roc) for Roughing (Minor) at 7:03
3rd period
4. Icehogs , Hudson Fasching 22 (Jeremy Davies 12) at 1:38
Penalties :
Calle Andersson (Roc) for Interference (Minor) at 6:53, Nick Shore (Bak) for Hooking (Minor) at 11:32, Yegor Sharangovich (Bak) for Tripping (Minor) at 19:13
Goalie Stats
Stuart Skinner (Bak), 32 saves from 35 shots - (0.914), L, 12-9-1, 60:00 minutes
Mackenzie Blackwood (Roc), 32 saves from 33 shots - (0.970), W, 15-7-0, 60:00 minutes
Players Stats for Condors
Player Name G A P +/- PIM S H SB GA TA FO MP PP MP PK MP
------------------------------------------------------------------------------------
Adam Erne 0 0 0 -2 0 2 0 0 1 0 0/1 22:25 4:21 1:25
Alexander Alexeyev 0 0 0 -1 0 0 4 1 0 0 0/0 19:54 2:55 1:18
Alexandre Carrier 0 0 0 -1 0 3 0 1 2 0 0/0 27:27 5:01 1:04
Cody Glass 1 0 1 1 0 3 1 0 0 0 0/0 12:03 0:01 0:00
Connor Hurley 0 1 1 1 0 3 0 0 0 0 0/4 12:24 0:00 0:24
Evan Bouchard 0 0 0 -1 0 2 3 1 1 1 0/0 22:22 5:01 1:27
Gustav Olofsson 0 0 0 -1 0 0 1 1 1 0 0/0 19:54 2:55 1:18
Jordan Subban 0 0 0 0 0 0 0 1 0 3 0/0 12:39 0:00 0:23
Klim Kostin 0 0 0 -1 0 0 2 0 1 0 2/3 17:50 3:34 1:12
Martin Frk 0 0 0 -1 0 4 3 1 2 0 1/1 17:41 4:21 0:00
Nick Shore 0 0 0 -1 2 4 1 0 0 0 10/14 18:30 4:21 0:37
Nikolai Knyzhov 0 0 0 0 0 0 0 1 0 0 0/0 12:16 0:00 0:00
Philip Broberg 0 0 0 0 0 0 0 0 0 0 0/0 5:28 0:00 0:00
Pontus Holmberg 0 0 0 0 0 1 2 0 0 0 0/0 7:13 0:00 0:00
Raphael Lavoie 0 0 0 0 0 0 3 0 0 0 0/0 7:13 0:00 0:00
Ryan McLeod 0 0 0 0 0 4 0 0 0 0 1/2 8:06 0:01 0:50
Taro Hirose 0 1 1 1 0 3 0 0 0 1 1/1 12:32 0:01 0:08
Tyson Jost 0 0 0 -2 0 3 0 0 0 0 11/25 20:14 3:34 0:09
Yegor Sharangovich 0 0 0 -2 2 1 1 0 1 0 0/3 21:02 3:34 0:45
Players Stats for Icehogs
Player Name G A P +/- PIM S H SB GA TA FO MP PP MP PK MP
------------------------------------------------------------------------------------
Andrew Poturalski 0 1 1 0 0 5 2 1 0 0 8/13 18:10 1:14 1:53
Ben Johnson 0 0 0 0 0 2 1 0 2 1 0/3 14:31 0:07 0:38
Calle Andersson 0 0 0 1 2 2 3 1 0 1 0/0 20:24 1:14 2:57
Clark Bishop 0 0 0 0 0 0 0 0 0 0 0/0 0:00 0:00 0:00
Declan Chisholm 0 0 0 0 0 0 0 0 0 0 0/0 14:03 0:00 1:34
Dillon Dube 0 0 0 2 0 0 2 0 0 0 14/28 21:22 1:24 4:24
Gabriel Fortier 0 0 0 0 0 3 1 0 0 0 0/1 12:42 0:07 0:36
Hudson Fasching 2 0 2 2 0 5 0 0 1 0 1/2 16:44 1:24 0:00
Jeremy Davies 0 1 1 1 0 0 0 3 0 0 0/0 20:35 1:14 3:29
JJ. Piccinich 0 0 0 0 0 1 0 0 0 0 0/0 12:09 0:07 0:00
Julius Honka 0 1 1 1 0 0 2 2 0 2 0/0 26:56 1:31 4:27
Maxim Letunov 0 0 0 0 0 1 0 0 0 0 2/2 6:39 0:00 0:00
Mikhail Grigorenko 0 1 1 2 0 5 1 0 0 0 0/1 25:27 1:24 4:21
Mitchell Chaffee 0 0 0 0 0 1 2 0 0 1 2/2 5:49 0:00 0:00
Nikita Okhotyuk 0 0 0 0 0 0 1 0 0 0 0/0 12:37 0:00 0:00
Nikita Scherbak 0 0 0 0 2 5 2 0 1 0 0/1 18:41 1:14 1:44
Patrick Sieloff 1 0 1 1 2 4 4 1 1 4 0/0 26:21 1:31 3:25
Ross Johnston 0 0 0 0 2 1 3 0 0 0 1/1 18:50 1:14 2:16
3 Stars
1 - Hudson Fasching (Roc)
2 - Mackenzie Blackwood (Roc)
3 - Patrick Sieloff (Roc)
Power Play
Condors - 0 on 4 Attempt(s) - 0.00%
Icehogs - 0 on 2 Attempt(s) - 0.00%
Penalty Kill
Condors - 2 on 2 Attempt(s) - 100.00%
- Score 0 goal in Penalty Kill
Icehogs - 4 on 4 Attempt(s) - 100.00%
- Score 0 goal in Penalty Kill
Team Stat
Condors - Hits : 21 - Faceoff Wins : 26 - Blocked Shots : 7 - Penalty Minutes : 4
Icehogs - Hits : 24 - Faceoff Wins : 28 - Blocked Shots : 8 - Penalty Minutes : 8
Official
Referees : Eric Furlatt and Steve Kozari
Linesman : Derek Amell and James Tobias
Game Notes
No Game Note
Finance
Level 1 -- Attendance: 1844 (92.20%) -- Ticket Income $129,080
Level 2 -- Attendance: 985 (98.50%) -- Ticket Income $39,400
Total Attendance: 2829 (94.30%)
Total Ticket Income: $168,480
Other Income: $8,424
Total Income: $176,904
Condors
5 vs 5 Forward
Center Left Wing Right Wing Time % Phy DF OF
1 Tyson Jost Adam Erne Yegor Sharangovich 40 1 2 2
2 Nick Shore Klim Kostin Martin Frk 30 1 2 2
3 Connor Hurley Taro Hirose Cody Glass 20 1 2 2
4 Ryan McLeod Raphael Lavoie Pontus Holmberg 10 1 2 2
5 vs 5 Defense
Defense Defense Time % Phy DF OF
1 Alexandre Carrier Evan Bouchard 40 1 2 2
2 Gustav Olofsson Alexander Alexeyev 30 1 2 2
3 Jordan Subban Nikolai Knyzhov 20 1 2 2
4 Philip Broberg Alexandre Carrier 10 1 2 2
PowerPlay Forward
Center Left Wing Right Wing Time % Phy DF OF
1 Nick Shore Adam Erne Martin Frk 60 1 2 2
2 Tyson Jost Klim Kostin Yegor Sharangovich 40 1 2 2
PowerPlay Defense
Defense Defense Time % Phy DF OF
1 Alexandre Carrier Evan Bouchard 60 1 2 2
2 Gustav Olofsson Alexander Alexeyev 40 1 2 2
Penalty Kill 4 Players Forward
Center Wing Time % Phy DF OF
1 Nick Shore Adam Erne 60 1 2 2
2 Tyson Jost Klim Kostin 40 1 2 2
Penalty Kill 4 Players Defense
Defense Defense Time % Phy DF OF
1 Alexandre Carrier Evan Bouchard 60 1 2 2
2 Gustav Olofsson Alexander Alexeyev 40 1 2 2
Penalty Kill - 3 Players Forward
Forward Time % Phy DF OF
1 Nick Shore 60 1 2 2
2 Tyson Jost 40 1 2 2
Penalty Kill - 3 Players Defense
Defense Defense Time % Phy DF OF
1 Alexandre Carrier Evan Bouchard 60 1 2 2
2 Gustav Olofsson Alexander Alexeyev 40 1 2 2
4 vs 4 Forward
Center Wing Time % Phy DF OF
1 Nick Shore Adam Erne 60 1 2 2
2 Tyson Jost Klim Kostin 40 1 2 2
4 vs 4 Defense
Defense Defense Time % Phy DF OF
1 Alexandre Carrier Evan Bouchard 60 1 2 2
2 Gustav Olofsson Alexander Alexeyev 40 1 2 2
Last Minutes Offensive
Center Left Wing Right Wing Defense Defense
Nick Shore Adam Erne Martin Frk Alexandre Carrier Evan Bouchard
Last Minutes Defensive
Center Left Wing Right Wing Defense Defense
Nick Shore Adam Erne Martin Frk Alexandre Carrier Evan Bouchard
Goaltenders
Starting : Stuart Skinner
Backup : Jaxson Stauber
Extra Forwards
Normal : Yegor Sharangovich, Klim Kostin, Taro Hirose - PP : Yegor Sharangovich, Klim Kostin - PK : Yegor Sharangovich
Extra Defensemen
Normal : Jordan Subban, Nikolai Knyzhov, Philip Broberg - PP : Jordan Subban - PK : Jordan Subban, Nikolai Knyzhov
Penalty Shots
Adam Erne, Martin Frk, Nick Shore, Tyson Jost, Yegor Sharangovich
Custom OT Lines Forwards
Adam Erne, Martin Frk, Nick Shore, Tyson Jost, Yegor Sharangovich, Klim Kostin, Taro Hirose, Cody Glass, Connor Hurley, Pontus Holmberg
Custom OT Lines Defensemen
Alexandre Carrier, Evan Bouchard, Gustav Olofsson, Alexander Alexeyev, Jordan Subban
Scratches
Cole Cassels (Healthy), Colin White (Healthy), Semyon Der-Arguchintsev (Healthy), Jeremy Gregoire (Healthy), Robin Salo (Healthy)
Filip Kral (Healthy), Brayden Pachal (Healthy), Remi Elie (Healthy), Filip Johansson (Healthy), Lucas Johansen (Healthy)
Cole Fonstad (Healthy), Jack Perbix (Healthy), Filip Cederqvist (Healthy), Michael Dipietro (Healthy)
Icehogs
5 vs 5 Forward
Center Left Wing Right Wing Time % Phy DF OF
1 Dillon Dube Mikhail Grigorenko Hudson Fasching 40 1 2 2
2 Andrew Poturalski Ross Johnston Nikita Scherbak 30 1 2 2
3 Ben Johnson Gabriel Fortier JJ. Piccinich 20 1 2 2
4 Maxim Letunov Mikhail Grigorenko Mitchell Chaffee 10 1 2 2
5 vs 5 Defense
Defense Defense Time % Phy DF OF
1 Patrick Sieloff Julius Honka 40 1 2 2
2 Jeremy Davies Calle Andersson 30 1 2 2
3 Declan Chisholm Nikita Okhotyuk 20 1 2 2
4 Patrick Sieloff Julius Honka 10 1 2 2
PowerPlay Forward
Center Left Wing Right Wing Time % Phy DF OF
1 Dillon Dube Mikhail Grigorenko Hudson Fasching 60 1 2 2
2 Andrew Poturalski Ross Johnston Nikita Scherbak 40 1 2 2
PowerPlay Defense
Defense Defense Time % Phy DF OF
1 Patrick Sieloff Julius Honka 60 1 2 2
2 Jeremy Davies Calle Andersson 40 1 2 2
Penalty Kill 4 Players Forward
Center Wing Time % Phy DF OF
1 Dillon Dube Mikhail Grigorenko 60 1 2 2
2 Andrew Poturalski Ross Johnston 40 1 2 2
Penalty Kill 4 Players Defense
Defense Defense Time % Phy DF OF
1 Patrick Sieloff Julius Honka 60 1 2 2
2 Jeremy Davies Calle Andersson 40 1 2 2
Penalty Kill - 3 Players Forward
Forward Time % Phy DF OF
1 Dillon Dube 60 1 2 2
2 Andrew Poturalski 40 1 2 2
Penalty Kill - 3 Players Defense
Defense Defense Time % Phy DF OF
1 Patrick Sieloff Julius Honka 60 1 2 2
2 Jeremy Davies Calle Andersson 40 1 2 2
4 vs 4 Forward
Center Wing Time % Phy DF OF
1 Dillon Dube Mikhail Grigorenko 60 1 2 2
2 Andrew Poturalski Ross Johnston 40 1 2 2
4 vs 4 Defense
Defense Defense Time % Phy DF OF
1 Patrick Sieloff Julius Honka 60 1 2 2
2 Jeremy Davies Calle Andersson 40 1 2 2
Last Minutes Offensive
Center Left Wing Right Wing Defense Defense
Dillon Dube Mikhail Grigorenko Hudson Fasching Patrick Sieloff Julius Honka
Last Minutes Defensive
Center Left Wing Right Wing Defense Defense
Dillon Dube Mikhail Grigorenko Hudson Fasching Patrick Sieloff Julius Honka
Goaltenders
Starting : Mackenzie Blackwood
Backup : Oscar Dansk
Extra Forwards
Normal : Nikita Scherbak, Ben Johnson, Maxim Letunov - PP : Nikita Scherbak, Ben Johnson - PK : Nikita Scherbak
Extra Defensemen
Normal : Calle Andersson, Declan Chisholm, Nikita Okhotyuk - PP : Calle Andersson - PK : Calle Andersson, Declan Chisholm
Penalty Shots
Mikhail Grigorenko, Hudson Fasching, Dillon Dube, Andrew Poturalski, Nikita Scherbak
Custom OT Lines Forwards
Mikhail Grigorenko, Hudson Fasching, Dillon Dube, Andrew Poturalski, Nikita Scherbak, Ben Johnson, Maxim Letunov, Ross Johnston, Clark Bishop, JJ. Piccinich
Custom OT Lines Defensemen
Patrick Sieloff, Julius Honka, Jeremy Davies, Calle Andersson, Declan Chisholm
Scratches
Trevor Zegras (Healthy), Kristian Reichel (Healthy), Zach Whitecloud (Sprained Right Knee Injury), Jackson Cates (Healthy), Antoine Morand (Healthy)
Egor Afanasyev (Healthy), Petr Kvaca (Healthy)
% Time on Ice - Condors
Lines # - Real PCT - Wanted PCT - Time Play
Normal Forward
1 - 34% - 40% - 16:54
2 - 27% - 30% - 13:12
3 - 24% - 20% - 12:00
4 - 15% - 10% - 7:13
Normal Defense
1 - 32% - 40% - 15:54
2 - 32% - 30% - 15:41
3 - 25% - 20% - 12:16
4 - 11% - 10% - 5:28
PP Forward
1 - 55% - 60% - 4:22
2 - 45% - 40% - 3:34
PP Defense
1 - 63% - 60% - 5:01
2 - 37% - 40% - 2:55
PK Forward
1 - 95% - 60% - 2:36
2 - 5% - 40% - 0:09
PK Defense
1 - 53% - 60% - 1:27
2 - 47% - 40% - 1:18
PK3 Forward
1 - 0% - 60%
2 - 0% - 40%
PK3 Defense
1 - 0% - 60%
2 - 0% - 40%
44 Forward
1 - 0% - 60%
2 - 0% - 40%
44 Defense
1 - 0% - 60%
2 - 0% - 40%
Last Minute Offensive - 0:00
Last Minute Defensive - 0:00
Total
Forward - 60:00
Defense - 60:00
|
% Time on Ice - Icehogs
Lines # - Real PCT - Wanted PCT - Time Play
Normal Forward
1 - 33% - 40% - 16:11
2 - 32% - 30% - 15:57
3 - 23% - 20% - 11:22
4 - 12% - 10% - 5:49
Normal Defense
1 - 36% - 40% - 17:51
2 - 33% - 30% - 16:05
3 - 26% - 20% - 12:37
4 - 6% - 10% - 2:46
PP Forward
1 - 55% - 60% - 1:31
2 - 45% - 40% - 1:14
PP Defense
1 - 55% - 60% - 1:31
2 - 45% - 40% - 1:14
PK Forward
1 - 76% - 60% - 6:03
2 - 24% - 40% - 1:53
PK Defense
1 - 53% - 60% - 4:13
2 - 47% - 40% - 3:43
PK3 Forward
1 - 0% - 60%
2 - 0% - 40%
PK3 Defense
1 - 0% - 60%
2 - 0% - 40%
44 Forward
1 - 0% - 60%
2 - 0% - 40%
44 Defense
1 - 0% - 60%
2 - 0% - 40%
Last Minute Offensive - 0:00
Last Minute Defensive - 0:00
Total
Forward - 60:00
Defense - 60:00
|
Play-by-Play
1st period
0:01 of 1st period - Dillon Dube wins face-off versus Tyson Jost in neutral zone.
0:39 of 1st period - Julius Honka is hit by Martin Frk and loses puck.
1:19 of 1st period - Calle Andersson is hit by Alexander Alexeyev.
2:13 of 1st period - Wrist shot by Yegor Sharangovich.
2:13 of 1st period - Shot Blocked by Andrew Poturalski.
2:28 of 1st period - Icing by Calle Andersson.
2:29 of 1st period - Klim Kostin wins face-off versus Dillon Dube in Icehogs zone.
3:12 of 1st period - Andrew Poturalski is hit by Raphael Lavoie and loses puck.
3:39 of 1st period - Snap shot by Hudson Fasching.
3:39 of 1st period - Shot Blocked by Martin Frk.
4:13 of 1st period - Wrist shot by Andrew Poturalski.
4:13 of 1st period - Deflect By Alexandre Carrier.
4:13 of 1st period - Shot Misses the Net.
4:13 of 1st period - Puck is out of play.
4:14 of 1st period - Andrew Poturalski wins face-off versus Connor Hurley in Condors zone.
4:25 of 1st period - Wrist shot by Nikita Scherbak.
4:25 of 1st period - Stopped by Stuart Skinner with a rebound.
4:27 of 1st period - Slapshot by Patrick Sieloff.
4:27 of 1st period - Shot Blocked by Alexander Alexeyev.
4:29 of 1st period - Slapshot by Patrick Sieloff.
4:29 of 1st period - Deflect By Nikita Scherbak.
4:29 of 1st period - Stopped by Stuart Skinner without a rebound.
4:30 of 1st period - Dillon Dube wins face-off versus Tyson Jost in Condors zone.
4:31 of 1st period - Slapshot by Mikhail Grigorenko.
4:31 of 1st period - Shot Misses the Net.
4:57 of 1st period - Andrew Poturalski is hit by Nick Shore and loses puck.
5:42 of 1st period - Patrick Sieloff is hit by Raphael Lavoie.
5:52 of 1st period - Patrick Sieloff is hit by Pontus Holmberg and loses puck.
6:03 of 1st period - Snap shot by Adam Erne.
6:03 of 1st period - Stopped by Mackenzie Blackwood with a rebound.
6:05 of 1st period - Snap shot by Tyson Jost.
6:05 of 1st period - Shot Misses the Net.
6:07 of 1st period - Snap shot by Adam Erne.
6:07 of 1st period - Deflect By Tyson Jost.
6:07 of 1st period - Shot Hit the Post.
6:07 of 1st period - Puck is out of play.
6:08 of 1st period - Nick Shore wins face-off versus Dillon Dube in Icehogs zone.
6:35 of 1st period - Slapshot by Andrew Poturalski.
6:35 of 1st period - Stopped by Stuart Skinner with a rebound.
6:37 of 1st period - Wrist shot by Andrew Poturalski.
6:37 of 1st period - Shot Misses the Net.
7:01 of 1st period - Slapshot by Cody Glass.
7:01 of 1st period - Stopped by Mackenzie Blackwood without a rebound.
7:02 of 1st period - Tyson Jost wins face-off versus Dillon Dube in Icehogs zone.
7:27 of 1st period - Alexander Alexeyev is hit by Nikita Okhotyuk and loses puck.
7:39 of 1st period - Nikolai Knyzhov is hit by Ross Johnston and loses puck.
7:50 of 1st period - Jeremy Davies is hit by Cody Glass and loses puck.
7:57 of 1st period - Snap shot by Cody Glass.
7:57 of 1st period - Shot Misses the Net.
9:34 of 1st period - Wrist shot by Ben Johnson.
9:34 of 1st period - Shot Blocked by Gustav Olofsson.
10:31 of 1st period - Icing by Cody Glass.
10:32 of 1st period - Mitchell Chaffee wins face-off versus Connor Hurley in Condors zone.
10:35 of 1st period - Snap shot by Maxim Letunov.
10:35 of 1st period - Stopped by Stuart Skinner without a rebound.
10:36 of 1st period - Tyson Jost wins face-off versus Dillon Dube in Condors zone.
10:56 of 1st period - Icing by Mikhail Grigorenko.
10:57 of 1st period - Martin Frk wins face-off versus Dillon Dube in Icehogs zone.
10:58 of 1st period - Wrist shot by Nick Shore.
10:58 of 1st period - Shot Misses the Net.
11:00 of 1st period - Slapshot by Alexandre Carrier.
11:00 of 1st period - Shot Hit the Post.
11:10 of 1st period - Backhand shot by Nick Shore.
11:10 of 1st period - Stopped by Mackenzie Blackwood with a rebound.
11:12 of 1st period - Slapshot by Alexandre Carrier.
11:12 of 1st period - Deflect By Nick Shore.
11:12 of 1st period - Shot Misses the Net.
11:12 of 1st period - Puck is out of play.
11:13 of 1st period - Andrew Poturalski wins face-off versus Tyson Jost in Icehogs zone.
11:13 of 1st period - Andrew Poturalski is hit by Evan Bouchard.
11:33 of 1st period - Alexandre Carrier is hit by Andrew Poturalski and loses puck.
12:22 of 1st period - Icing by Taro Hirose.
12:23 of 1st period - Dillon Dube wins face-off versus Connor Hurley in Condors zone.
12:49 of 1st period - Wrist shot by Cody Glass.
12:49 of 1st period - Goal by Cody Glass - Condors : 1 - Icehogs : 0.
12:50 of 1st period - Dillon Dube wins face-off versus Tyson Jost in neutral zone.
13:43 of 1st period - Minor Penalty to Patrick Sieloff for Cross-checking.
13:44 of 1st period - Nick Shore wins face-off versus Dillon Dube in Icehogs zone.
13:51 of 1st period - Snap shot by Martin Frk.
13:51 of 1st period - Shot Blocked by Calle Andersson.
13:53 of 1st period - Snap shot by Adam Erne.
13:53 of 1st period - Deflect By Nick Shore.
13:53 of 1st period - Stopped by Mackenzie Blackwood with a rebound.
14:18 of 1st period - Yegor Sharangovich is hit by Julius Honka and loses puck.
15:07 of 1st period - Evan Bouchard is hit by Calle Andersson and loses puck.
15:43 of 1st period - Penalty to Patrick Sieloff is over, Patrick Sieloff is back on ice.
15:48 of 1st period - Slapshot by Pontus Holmberg.
15:48 of 1st period - Deflect By Ryan McLeod.
15:48 of 1st period - Deflect By Ben Johnson.
15:48 of 1st period - Stopped by Mackenzie Blackwood with a rebound.
16:00 of 1st period - Snap shot by Patrick Sieloff.
16:00 of 1st period - Stopped by Stuart Skinner with a rebound.
16:33 of 1st period - Raphael Lavoie is hit by Patrick Sieloff and loses puck.
17:24 of 1st period - Nikolai Knyzhov is hit by Nikita Scherbak.
17:39 of 1st period - Icing by Yegor Sharangovich.
17:40 of 1st period - Andrew Poturalski wins face-off versus Tyson Jost in Condors zone.
18:03 of 1st period - Snap shot by Taro Hirose.
18:03 of 1st period - Shot Misses the Net.
18:05 of 1st period - Snap shot by Connor Hurley.
18:05 of 1st period - Stopped by Mackenzie Blackwood with a rebound.
18:07 of 1st period - Slapshot by Gustav Olofsson.
18:07 of 1st period - Deflect By Connor Hurley.
18:07 of 1st period - Stopped by Mackenzie Blackwood without a rebound.
18:08 of 1st period - Tyson Jost wins face-off versus Hudson Fasching in Icehogs zone.
18:13 of 1st period - Snap shot by Yegor Sharangovich.
18:13 of 1st period - Shot Misses the Net.
18:15 of 1st period - Snap shot by Yegor Sharangovich.
18:15 of 1st period - Stopped by Mackenzie Blackwood with a rebound.
18:42 of 1st period - Snap shot by Taro Hirose.
18:42 of 1st period - Stopped by Mackenzie Blackwood with a rebound.
18:44 of 1st period - Backhand shot by Alexandre Carrier.
18:44 of 1st period - Shot Blocked by Jeremy Davies.
18:46 of 1st period - Slapshot by Alexandre Carrier.
18:46 of 1st period - Shot Misses the Net.
18:56 of 1st period - Martin Frk is hit by Calle Andersson and loses puck.
19:17 of 1st period - Slapshot by Jeremy Davies.
19:17 of 1st period - Shot Blocked by Jordan Subban.
19:41 of 1st period - Snap shot by Pontus Holmberg.
19:41 of 1st period - Shot Blocked by Jeremy Davies.
19:51 of 1st period - Snap shot by Cody Glass.
19:51 of 1st period - Stopped by Mackenzie Blackwood with a rebound.
Goals for this period are 1 for Condors vs 0 for Icehogs.
Shots for this period are 11 for Condors vs 5 for Icehogs.
2nd period
0:01 of 2nd period - Tyson Jost wins face-off versus Dillon Dube in neutral zone.
0:04 of 2nd period - Slapshot by Alexandre Carrier.
0:04 of 2nd period - Shot Blocked by Julius Honka.
0:10 of 2nd period - Slapshot by Patrick Sieloff.
0:10 of 2nd period - Stopped by Stuart Skinner with a rebound.
0:12 of 2nd period - Wrist shot by Patrick Sieloff.
0:12 of 2nd period - Stopped by Stuart Skinner with a rebound.
0:16 of 2nd period - Wrist shot by Hudson Fasching.
0:16 of 2nd period - Stopped by Stuart Skinner without a rebound.
0:17 of 2nd period - Nick Shore wins face-off versus Andrew Poturalski in Condors zone.
0:43 of 2nd period - Dillon Dube is hit by Evan Bouchard and loses puck.
1:08 of 2nd period - Gustav Olofsson is hit by Patrick Sieloff.
1:12 of 2nd period - Slapshot by Ben Johnson.
1:12 of 2nd period - Deflect By Gabriel Fortier.
1:12 of 2nd period - Stopped by Stuart Skinner with a rebound.
1:18 of 2nd period - Wrist shot by Gabriel Fortier.
1:18 of 2nd period - Shot Misses the Net.
1:36 of 2nd period - Wrist shot by Adam Erne.
1:36 of 2nd period - Shot Misses the Net.
1:38 of 2nd period - Minor Penalty to Ross Johnston for Cross-checking.
1:39 of 2nd period - Nick Shore wins face-off versus Dillon Dube in Icehogs zone.
1:48 of 2nd period - Snap shot by Dillon Dube.
1:48 of 2nd period - Shot Misses the Net.
1:50 of 2nd period - Slapshot by Calle Andersson.
1:50 of 2nd period - Shot Misses the Net.
1:52 of 2nd period - Snap shot by Calle Andersson.
1:52 of 2nd period - Shot Misses the Net.
1:54 of 2nd period - Snap shot by Mikhail Grigorenko.
1:54 of 2nd period - Stopped by Stuart Skinner without a rebound.
1:55 of 2nd period - Dillon Dube wins face-off versus Tyson Jost in Condors zone.
1:56 of 2nd period - Snap shot by Mikhail Grigorenko.
1:56 of 2nd period - Shot Misses the Net.
2:04 of 2nd period - Slapshot by Tyson Jost.
2:04 of 2nd period - Stopped by Mackenzie Blackwood with a rebound.
2:06 of 2nd period - Snap shot by Klim Kostin.
2:06 of 2nd period - Shot Misses the Net.
2:08 of 2nd period - Snap shot by Yegor Sharangovich.
2:08 of 2nd period - Shot Hit the Post.
2:10 of 2nd period - Slapshot by Evan Bouchard.
2:10 of 2nd period - Stopped by Mackenzie Blackwood with a rebound.
2:32 of 2nd period - Mikhail Grigorenko is hit by Evan Bouchard and loses puck.
3:38 of 2nd period - Penalty to Ross Johnston is over, Ross Johnston is back on ice.
4:26 of 2nd period - Slapshot by Ben Johnson.
4:26 of 2nd period - Shot Misses the Net.
5:10 of 2nd period - Jeremy Davies is hit by Pontus Holmberg and loses puck.
5:19 of 2nd period - Alexandre Carrier is hit by Dillon Dube.
5:31 of 2nd period - Snap shot by Nikita Scherbak.
5:31 of 2nd period - Stopped by Stuart Skinner with a rebound.
5:38 of 2nd period - Icing by Alexandre Carrier.
5:39 of 2nd period - Tyson Jost wins face-off versus Mikhail Grigorenko in Condors zone.
5:44 of 2nd period - Snap shot by Mikhail Grigorenko.
5:44 of 2nd period - Stopped by Stuart Skinner without a rebound.
5:45 of 2nd period - Maxim Letunov wins face-off versus Nick Shore in Condors zone.
6:37 of 2nd period - Nikolai Knyzhov is hit by Gabriel Fortier and loses puck.
6:54 of 2nd period - Wrist shot by Ryan McLeod.
6:54 of 2nd period - Stopped by Mackenzie Blackwood without a rebound.
6:55 of 2nd period - Ryan McLeod wins face-off versus Andrew Poturalski in Icehogs zone.
7:03 of 2nd period - Minor Penalty to Nikita Scherbak for Roughing.
7:04 of 2nd period - Dillon Dube wins face-off versus Nick Shore in Icehogs zone.
7:16 of 2nd period - Slapshot by Alexandre Carrier.
7:16 of 2nd period - Shot Misses the Net.
7:18 of 2nd period - Slapshot by Evan Bouchard.
7:18 of 2nd period - Stopped by Mackenzie Blackwood without a rebound.
7:19 of 2nd period - Nick Shore wins face-off versus Dillon Dube in Icehogs zone.
9:03 of 2nd period - Penalty to Nikita Scherbak is over, Nikita Scherbak is back on ice.
9:39 of 2nd period - Nikita Scherbak is hit by Alexander Alexeyev and loses puck.
10:00 of 2nd period - Taro Hirose is hit by Mitchell Chaffee and loses puck.
11:03 of 2nd period - Snap shot by Gabriel Fortier.
11:03 of 2nd period - Stopped by Stuart Skinner with a rebound.
11:17 of 2nd period - Wrist shot by Martin Frk.
11:17 of 2nd period - Deflect By Nick Shore.
11:17 of 2nd period - Shot Blocked by Julius Honka.
11:17 of 2nd period - Puck is out of play.
11:18 of 2nd period - Klim Kostin wins face-off versus Dillon Dube in Icehogs zone.
11:23 of 2nd period - Wrist shot by Martin Frk.
11:23 of 2nd period - Shot Misses the Net.
11:25 of 2nd period - Wrist shot by Nick Shore.
11:25 of 2nd period - Stopped by Mackenzie Blackwood without a rebound.
11:26 of 2nd period - Hudson Fasching wins face-off versus Tyson Jost in Icehogs zone.
11:39 of 2nd period - Snap shot by Hudson Fasching.
11:39 of 2nd period - Shot Misses the Net.
11:41 of 2nd period - Slapshot by Declan Chisholm.
11:41 of 2nd period - Shot Misses the Net.
12:20 of 2nd period - Slapshot by Julius Honka.
12:20 of 2nd period - Shot Blocked by Evan Bouchard.
12:36 of 2nd period - Slapshot by Alexandre Carrier.
12:36 of 2nd period - Stopped by Mackenzie Blackwood with a rebound.
12:38 of 2nd period - Slapshot by Evan Bouchard.
12:38 of 2nd period - Shot Misses the Net.
12:40 of 2nd period - Wrist shot by Ryan McLeod.
12:40 of 2nd period - Deflect By Dillon Dube.
12:40 of 2nd period - Stopped by Mackenzie Blackwood with a rebound.
12:42 of 2nd period - Slapshot by Ryan McLeod.
12:42 of 2nd period - Stopped by Mackenzie Blackwood with a rebound.
12:55 of 2nd period - Icing by Andrew Poturalski.
12:56 of 2nd period - Tyson Jost wins face-off versus Andrew Poturalski in Icehogs zone.
12:57 of 2nd period - Wrist shot by Adam Erne.
12:57 of 2nd period - Stopped by Mackenzie Blackwood with a rebound.
13:07 of 2nd period - Snap shot by Andrew Poturalski.
13:07 of 2nd period - Stopped by Stuart Skinner with a rebound.
13:09 of 2nd period - Slapshot by Andrew Poturalski.
13:09 of 2nd period - Shot Misses the Net.
13:11 of 2nd period - Slapshot by Patrick Sieloff.
13:11 of 2nd period - Goal by Patrick Sieloff - Condors : 1 - Icehogs : 1.
13:12 of 2nd period - Dillon Dube wins face-off versus Tyson Jost in neutral zone.
13:18 of 2nd period - Adam Erne is hit by Mikhail Grigorenko and loses puck.
13:27 of 2nd period - Snap shot by Hudson Fasching.
13:27 of 2nd period - Shot Misses the Net.
13:29 of 2nd period - Slapshot by Calle Andersson.
13:29 of 2nd period - Shot Misses the Net.
13:39 of 2nd period - Jeremy Davies is hit by Martin Frk and loses puck.
14:25 of 2nd period - Backhand shot by Patrick Sieloff.
14:25 of 2nd period - Deflect By Mitchell Chaffee.
14:25 of 2nd period - Stopped by Stuart Skinner with a rebound.
14:27 of 2nd period - Wrist shot by Mikhail Grigorenko.
14:27 of 2nd period - Shot Misses the Net.
14:29 of 2nd period - Snap shot by Mikhail Grigorenko.
14:29 of 2nd period - Stopped by Stuart Skinner with a rebound.
14:43 of 2nd period - Backhand shot by Tyson Jost.
14:43 of 2nd period - Stopped by Mackenzie Blackwood without a rebound.
14:44 of 2nd period - Andrew Poturalski wins face-off versus Yegor Sharangovich in Icehogs zone.
15:07 of 2nd period - Evan Bouchard is hit by Ben Johnson and loses puck.
15:31 of 2nd period - Wrist shot by Mikhail Grigorenko.
15:31 of 2nd period - Stopped by Stuart Skinner with a rebound.
15:37 of 2nd period - Wrist shot by Hudson Fasching.
15:37 of 2nd period - Shot Misses the Net.
15:44 of 2nd period - Icing by Nick Shore.
15:45 of 2nd period - Andrew Poturalski wins face-off versus Nick Shore in Condors zone.
15:46 of 2nd period - Snap shot by Nikita Scherbak.
15:46 of 2nd period - Stopped by Stuart Skinner with a rebound.
15:48 of 2nd period - Wrist shot by Ross Johnston.
15:48 of 2nd period - Shot Blocked by Nikolai Knyzhov.
15:50 of 2nd period - Slapshot by Declan Chisholm.
15:50 of 2nd period - Deflect By Nikita Scherbak.
15:50 of 2nd period - Stopped by Stuart Skinner with a rebound.
16:00 of 2nd period - Snap shot by Nick Shore.
16:00 of 2nd period - Shot Misses the Net.
16:12 of 2nd period - Slapshot by Taro Hirose.
16:12 of 2nd period - Shot Misses the Net.
16:14 of 2nd period - Wrist shot by Taro Hirose.
16:14 of 2nd period - Stopped by Mackenzie Blackwood without a rebound.
16:15 of 2nd period - Dillon Dube wins face-off versus Connor Hurley in Icehogs zone.
16:40 of 2nd period - Slapshot by Mikhail Grigorenko.
16:40 of 2nd period - Shot Misses the Net.
17:07 of 2nd period - Wrist shot by Hudson Fasching.
17:07 of 2nd period - Goal by Hudson Fasching - Condors : 1 - Icehogs : 2.
17:08 of 2nd period - Andrew Poturalski wins face-off versus Klim Kostin in neutral zone.
17:15 of 2nd period - Wrist shot by Andrew Poturalski.
17:15 of 2nd period - Shot Misses the Net.
17:26 of 2nd period - Gustav Olofsson is hit by Andrew Poturalski and loses puck.
17:43 of 2nd period - Wrist shot by Ben Johnson.
17:43 of 2nd period - Stopped by Stuart Skinner without a rebound.
17:44 of 2nd period - Tyson Jost wins face-off versus Ben Johnson in Condors zone.
18:16 of 2nd period - Icing by Alexandre Carrier.
18:17 of 2nd period - Nick Shore wins face-off versus Dillon Dube in Condors zone.
18:36 of 2nd period - Snap shot by Martin Frk.
18:36 of 2nd period - Stopped by Mackenzie Blackwood with a rebound.
18:42 of 2nd period - Wrist shot by Alexandre Carrier.
18:42 of 2nd period - Stopped by Mackenzie Blackwood with a rebound.
18:44 of 2nd period - Snap shot by Martin Frk.
18:44 of 2nd period - Stopped by Mackenzie Blackwood with a rebound.
18:46 of 2nd period - Wrist shot by Nick Shore.
18:46 of 2nd period - Deflect By Martin Frk.
18:46 of 2nd period - Stopped by Mackenzie Blackwood with a rebound.
18:48 of 2nd period - Slapshot by Alexandre Carrier.
18:48 of 2nd period - Stopped by Mackenzie Blackwood with a rebound.
18:50 of 2nd period - Slapshot by Nick Shore.
18:50 of 2nd period - Stopped by Mackenzie Blackwood without a rebound.
18:51 of 2nd period - Andrew Poturalski wins face-off versus Yegor Sharangovich in Icehogs zone.
18:51 of 2nd period - Andrew Poturalski is hit by Yegor Sharangovich.
19:01 of 2nd period - Alexander Alexeyev is hit by Ross Johnston and loses puck.
19:16 of 2nd period - Gabriel Fortier is hit by Gustav Olofsson.
19:38 of 2nd period - Nikolai Knyzhov is hit by Mitchell Chaffee and loses puck.
Goals for this period are 0 for Condors vs 2 for Icehogs.
Shots for this period are 17 for Condors vs 17 for Icehogs.
3rd period
0:01 of 3rd period - Tyson Jost wins face-off versus Dillon Dube in neutral zone.
1:02 of 3rd period - Wrist shot by Andrew Poturalski.
1:02 of 3rd period - Stopped by Stuart Skinner without a rebound.
1:03 of 3rd period - Tyson Jost wins face-off versus Ben Johnson in Condors zone.
1:05 of 3rd period - Icing by Alexandre Carrier.
1:06 of 3rd period - Tyson Jost wins face-off versus Ben Johnson in Condors zone.
1:06 of 3rd period - Tyson Jost is hit by Calle Andersson.
1:22 of 3rd period - Wrist shot by Gabriel Fortier.
1:22 of 3rd period - Shot Misses the Net.
1:38 of 3rd period - Snap shot by Hudson Fasching.
1:38 of 3rd period - Goal by Hudson Fasching - Condors : 1 - Icehogs : 3.
1:39 of 3rd period - Dillon Dube wins face-off versus Tyson Jost in neutral zone.
1:44 of 3rd period - Snap shot by Mikhail Grigorenko.
1:44 of 3rd period - Stopped by Stuart Skinner with a rebound.
1:46 of 3rd period - Wrist shot by Mikhail Grigorenko.
1:46 of 3rd period - Shot Misses the Net.
1:54 of 3rd period - Slapshot by Hudson Fasching.
1:54 of 3rd period - Stopped by Stuart Skinner with a rebound.
2:54 of 3rd period - Snap shot by Calle Andersson.
2:54 of 3rd period - Stopped by Stuart Skinner without a rebound.
2:55 of 3rd period - Nick Shore wins face-off versus Dillon Dube in Condors zone.
3:08 of 3rd period - Wrist shot by Hudson Fasching.
3:08 of 3rd period - Stopped by Stuart Skinner with a rebound.
3:10 of 3rd period - Slapshot by Calle Andersson.
3:10 of 3rd period - Stopped by Stuart Skinner without a rebound.
3:11 of 3rd period - Tyson Jost wins face-off versus Andrew Poturalski in Condors zone.
3:15 of 3rd period - Off-side.
3:16 of 3rd period - Andrew Poturalski wins face-off versus Tyson Jost in neutral zone.
3:21 of 3rd period - Wrist shot by Andrew Poturalski.
3:21 of 3rd period - Stopped by Stuart Skinner with a rebound.
3:52 of 3rd period - Snap shot by Taro Hirose.
3:52 of 3rd period - Stopped by Mackenzie Blackwood without a rebound.
3:53 of 3rd period - Dillon Dube wins face-off versus Adam Erne in Icehogs zone.
3:57 of 3rd period - Off-side.
3:58 of 3rd period - Dillon Dube wins face-off versus Tyson Jost in neutral zone.
4:29 of 3rd period - Snap shot by Andrew Poturalski.
4:29 of 3rd period - Stopped by Stuart Skinner with a rebound.
4:31 of 3rd period - Slapshot by Andrew Poturalski.
4:31 of 3rd period - Shot Misses the Net.
4:33 of 3rd period - Snap shot by Ross Johnston.
4:33 of 3rd period - Shot Misses the Net.
4:35 of 3rd period - Wrist shot by Ross Johnston.
4:35 of 3rd period - Stopped by Stuart Skinner with a rebound.
5:06 of 3rd period - Snap shot by Pontus Holmberg.
5:06 of 3rd period - Stopped by Mackenzie Blackwood without a rebound.
5:07 of 3rd period - Maxim Letunov wins face-off versus Ryan McLeod in Icehogs zone.
5:07 of 3rd period - Maxim Letunov is hit by Raphael Lavoie.
6:02 of 3rd period - Wrist shot by Ben Johnson.
6:02 of 3rd period - Stopped by Stuart Skinner with a rebound.
6:18 of 3rd period - Taro Hirose is hit by Dillon Dube and loses puck.
6:53 of 3rd period - Minor Penalty to Calle Andersson for Interference.
6:54 of 3rd period - Nick Shore wins face-off versus Dillon Dube in Icehogs zone.
7:07 of 3rd period - Slapshot by Martin Frk.
7:07 of 3rd period - Stopped by Mackenzie Blackwood with a rebound.
7:09 of 3rd period - Slapshot by Evan Bouchard.
7:09 of 3rd period - Shot Misses the Net.
8:09 of 3rd period - Martin Frk is hit by Ross Johnston and loses puck.
8:35 of 3rd period - Icing by Martin Frk.
8:36 of 3rd period - Nick Shore wins face-off versus Nikita Scherbak in Condors zone.
8:53 of 3rd period - Penalty to Calle Andersson is over, Calle Andersson is back on ice.
8:55 of 3rd period - Dillon Dube is hit by Alexander Alexeyev and loses puck.
9:16 of 3rd period - Slapshot by Connor Hurley.
9:16 of 3rd period - Shot Blocked by Patrick Sieloff.
10:02 of 3rd period - Andrew Poturalski is hit by Klim Kostin and loses puck.
10:35 of 3rd period - Wrist shot by Adam Erne.
10:35 of 3rd period - Deflect By Hudson Fasching.
10:35 of 3rd period - Shot Blocked by Jeremy Davies.
10:35 of 3rd period - Puck is out of play.
10:36 of 3rd period - Dillon Dube wins face-off versus Tyson Jost in Icehogs zone.
10:36 of 3rd period - Dillon Dube is hit by Alexander Alexeyev.
10:43 of 3rd period - Off-side.
10:44 of 3rd period - Ross Johnston wins face-off versus Tyson Jost in neutral zone.
11:32 of 3rd period - Minor Penalty to Nick Shore for Hooking.
11:33 of 3rd period - Dillon Dube wins face-off versus Yegor Sharangovich in Condors zone.
11:50 of 3rd period - Wrist shot by Mikhail Grigorenko.
11:50 of 3rd period - Shot Blocked by Alexandre Carrier.
12:10 of 3rd period - Gustav Olofsson is hit by Patrick Sieloff and loses puck.
12:58 of 3rd period - Alexandre Carrier is hit by Julius Honka and loses puck.
13:32 of 3rd period - Penalty to Nick Shore is over, Nick Shore is back on ice.
13:40 of 3rd period - Snap shot by Ben Johnson.
13:40 of 3rd period - Shot Misses the Net.
13:50 of 3rd period - Slapshot by Connor Hurley.
13:50 of 3rd period - Stopped by Mackenzie Blackwood with a rebound.
13:52 of 3rd period - Slapshot by Gustav Olofsson.
13:52 of 3rd period - Shot Misses the Net.
14:11 of 3rd period - Icing by Declan Chisholm.
14:12 of 3rd period - Mitchell Chaffee wins face-off versus Nick Shore in Icehogs zone.
14:17 of 3rd period - Wrist shot by Mitchell Chaffee.
14:17 of 3rd period - Shot Misses the Net.
14:35 of 3rd period - Snap shot by Tyson Jost.
14:35 of 3rd period - Stopped by Mackenzie Blackwood with a rebound.
14:44 of 3rd period - Icing by Tyson Jost.
14:45 of 3rd period - Taro Hirose wins face-off versus Gabriel Fortier in Condors zone.
15:01 of 3rd period - Off-side.
15:02 of 3rd period - Dillon Dube wins face-off versus Tyson Jost in neutral zone.
15:57 of 3rd period - Backhand shot by Connor Hurley.
15:57 of 3rd period - Shot Misses the Net.
16:13 of 3rd period - Mikhail Grigorenko is hit by Martin Frk and loses puck.
16:59 of 3rd period - Snap shot by JJ. Piccinich.
16:59 of 3rd period - Stopped by Stuart Skinner with a rebound.
17:01 of 3rd period - Snap shot by Gabriel Fortier.
17:01 of 3rd period - Stopped by Stuart Skinner with a rebound.
17:11 of 3rd period - Nikita Okhotyuk is hit by Klim Kostin and loses puck.
17:31 of 3rd period - Alexandre Carrier is hit by Nikita Scherbak and loses puck.
18:22 of 3rd period - Adam Erne is hit by Patrick Sieloff and loses puck.
19:13 of 3rd period - Minor Penalty to Yegor Sharangovich for Tripping.
19:14 of 3rd period - Nick Shore wins face-off versus Andrew Poturalski in Condors zone.
Goals for this period are 0 for Condors vs 1 for Icehogs.
Shots for this period are 5 for Condors vs 13 for Icehogs.